 Dungeon Crawl Stone Soup version 0.21.1-68-g103a7af (webtiles) character file.

39 stinkbear the Poker (level 3, -1/28 HPs)
             Began as a Merfolk Skald on Aug 2, 2018.
             Slain by an iguana (5 damage)
             ... on level 3 of the Dungeon.
             The game lasted 00:03:20 (1412 turns).

stinkbear the Poker (Merfolk Skald)                 Turns: 1412, Time: 00:03:21

Health: -1/28      AC:  3    Str: 11    XL:     3   Next: 47%
Magic:  5/6        EV: 13    Int: 12    God:
Gold:   146        SH:  0    Dex: 14    Spells: 1/6 levels left

rFire    . . .     SeeInvis .   a - +0 spear
rCold    . . .     Gourm    .   (no shield)
rNeg     . . .     Faith    .   b - +0 leather armour
rPois    .         Spirit   .   (no helmet)
rElec    .         Reflect  .   (no cloak)
rCorr    .         Harm     .   (no gloves)
MR       .....                  (no boots)
Stlth    +.........             (no amulet)
HPRegen  0.09/turn              (no ring)
MPRegen  0.10/turn              (no ring)

@: infused
A: change form in water, swift swim, stealthy swim
a: no special abilities


You were on level 3 of the Dungeon.
You were not hungry.

You visited 1 branch of the dungeon, and saw 3 of its levels.

You collected 146 gold pieces.

Inventory:

Hand Weapons
 a - a +0 spear (weapon)
 h - a +4 short sword
Armour
 b - a +0 leather armour (worn)
Scrolls
 e - a scroll of noise {unknown}
 g - a scroll of teleportation {unknown}
 k - a scroll of enchant armour {unknown}
 l - a scroll of fear {unknown}
 m - a scroll of remove curse {unknown}
 q - a scroll of magic mapping {unknown}
 r - 2 scrolls of blinking {unknown}
Potions
 f - a potion of lignification {unknown}
 i - 2 potions of agility {unknown}
 j - a potion of heal wounds {unknown}
 n - a potion of flight {unknown}
 o - a potion of degeneration {unknown}
 s - a potion of mutation {unknown}
Books
 c - a book of Battle

   Spells                             Type                      Level
   a - Infusion                       Charms                       1
   b - Shroud of Golubria             Charms/Translocation         2
   c - Song of Slaying                Charms                       2
   d - Spectral Weapon                Hexes/Charms                 3
   e - Regeneration                   Charms/Necromancy            3
Comestibles
 d - 3 rations


   Skills:
 + Level 2.6 Fighting
 * Level 3.9 Polearms
 - Level 0.8 Armour
 + Level 3.2 Dodging
 - Level 2.0 Spellcasting
 + Level 3.7 Charms


You had one spell level left.
You knew the following spells:

 Your Spells              Type           Power        Failure   Level  Hunger
a - Infusion              Chrm           ##..         8%          1    ##.....
b - Song of Slaying       Chrm           ##......     12%         2    ###....
c - Shroud of Golubria    Chrm/Tloc      #.........   26%         2    ###....


Dungeon Overview and Level Annotations

Branches:
Dungeon (3/15)

Altars:
Gozag
Yredelemnul


Message History

You barely miss the iguana. The iguana completely misses you.
You hit the iguana.
The iguana is lightly wounded.
The iguana bites you!
You hit the iguana but do no damage.
The iguana is lightly wounded.
The iguana bites you.
You barely miss the iguana.
The iguana is lightly wounded.
The iguana bites you!
* * * LOW HITPOINT WARNING * * *
There is a stone staircase leading up here.
Cast which spell? (? or * to list)
You begin infusing your attacks with magical energy.
The iguana bites you.
* * * LOW HITPOINT WARNING * * *
You hit the iguana but do no damage.
The iguana is lightly wounded.
The iguana bites you.
You die...

#......### #...
....##
##.........#
...... ....# .
......##...## ...
............#....
.................
........l@......S
......##.........
..... #.........
.... #.....#...
... #......... ..
.......... #
....#.#.#.
..........


You could see an iguana and a ball python (sleeping).

Vanquished Creatures
  A dart slug (D:1)
  A leopard gecko (D:2)
  A giant cockroach (D:1)
  3 goblins
  7 hobgoblins
  5 kobolds
  3 quokkas (D:2)
  A ball python (D:2)
  3 bats
  4 frilled lizards
  2 rats
  A spectral orc (D:2)
32 creatures vanquished.

Notes
Turn   | Place    | Note
-------+----------+-------------------------------------------
     0 | D:1      | stinkbear the Merfolk Skald began the quest for the Orb.
     0 | D:1      | Reached XP level 1. HP: 16/16 MP: 3/3
   217 | D:1      | Reached XP level 2. HP: 18/22 MP: 5/5
   884 | D:2      | Reached XP level 3. HP: 26/28 MP: 6/6
   888 | D:2      | Learned a level 2 spell: Song of Slaying
   891 | D:2      | Learned a level 2 spell: Shroud of Golubria
   951 | D:2      | Found an opulent altar of Gozag.
  1046 | D:2      | Found a basalt altar of Yredelemnul.
  1412 | D:3      | Slain by an iguana

Skill      XL: |  1  2 |
---------------+-------+-----
Dodging        | 3 |  3.2
Fighting       | |  2.6
Polearms       | |  3.9
Armour         | |  0.8
Spellcasting   | |  2.0
Charms         | |  3.7

Action                   || total
-------------------------++-------
Melee: Spear             ||   130
 Cast: Infusion          ||     1
 Stab: Sleeping          ||     2
  Eat: Chunk             ||     2
Armor: Leather armour    ||    18
Dodge: Dodged            ||    46
